 Dungeon Crawl Stone Soup version 0.29.1-2-gbd0b4ee654 (webtiles) character file.

Game seed: 8284946818311482895

67 jamestheduck25 the Conjurer (level 4, 0/24 HPs)
             Began as a Tengu Conjurer on Nov 16, 2022.
             Killed by divine providence
             ... invoked by an orc priest
              (11 damage)
             ... on level 3 of the Dungeon.
             The game lasted 00:01:16 (2372 turns).

jamestheduck25 the Conjurer (Tengu Conjurer)        Turns: 2372, Time: 00:01:17

Health: 0/24       AC:  2    Str:  8    XL:     4   Next: 16%
Magic:  1/8        EV: 12    Int: 20    God:
Gold:   102        SH:  0    Dex: 12    Spells: 7/8 levels left

rFire   . . .      SeeInvis .   (no weapon)
rCold   . . .      Faith    .   (no shield)
rNeg    . . .      Spirit   .   a - +0 robe
rPois   .          Reflect  .   (helmet restricted)
rElec   .          Harm     .   (no cloak)
rCorr   .          Rampage  .   (no gloves)
Will    .....                   (boots unavailable)
Stlth   ++........              e - amulet of regeneration
HPRegen 0.88/turn               (no ring)
MPRegen 0.11/turn               (no ring)

@: no status effects
A: beak, talons 3
a: no special abilities


You were on level 3 of the Dungeon.
You visited 1 branch of the dungeon, and saw 3 of its levels.

You collected 102 gold pieces.

Inventory:

Armour
 a - a +0 robe (worn)
Jewellery
 e - an amulet of regeneration (around neck)
Scrolls
 f - 2 scrolls of magic mapping {unknown}
 g - a scroll of identify {unknown}
 h - 3 scrolls of teleportation {unknown}
 i - a scroll of immolation {unknown}
 l - a scroll of fog {unknown}
Potions
 b - a potion of magic
 c - a potion of mutation {unknown}
 d - 2 potions of haste {unknown}
 j - a potion of invisibility {unknown}
 k - a potion of flight {unknown}
 m - a potion of berserk rage {unknown}


   Skills:
 + Level 2.3 Dodging
 + Level 2.1 Stealth
 + Level 2.6 Spellcasting
 + Level 6.7 Conjurations


You had 7 spell levels left.
You knew the following spells:

 Your Spells              Type           Power      Damage    Failure   Level
a - Magic Dart            Conj           100%       1d8       1%          1

Your spell library contained the following spells:

 Spells                   Type           Power      Damage    Failure   Level
 Searing Ray              Conj           58%        2d6       1%          2
 Dazzling Flash           Conj/Hex       32%        N/A       11%         3
 Blink                    Tloc           4%         N/A       22%         2
 Fulminant Prism          Conj/Hex       8%         3d7       36%         4
 Iskenderun's Mystic Bla  Conj/Tloc      16%        2d5       36%         4
 Manifold Assault         Tloc           2%         N/A       99%         5
 Storm Form               Tmut/Air       1%         N/A       100%        7


Dungeon Overview and Level Annotations

Branches:
Dungeon (3/15)

Altars:


Innate Abilities, Weirdness & Mutations

You have a beak for a mouth.
You have claws for feet.


Message History

Ouch! That really hurt!
You open the door.
Found a lumpy cyan potion.
There is an open door here.
You see here a lumpy cyan potion.
m - a lumpy cyan potion The orc closely misses you.
The magic dart hits the orc but does no damage.
The orc is moderately wounded.
The orc hits you with a +1 vorpal hand axe.
The orc barely misses you.
The orc priest begins to cast a cantrip, but forgets the words!
The magic dart hits the orc.
The orc is heavily wounded.
The orc hits you with a +1 vorpal hand axe.
The orc closely misses you.
You are too injured to fight recklessly!
You are too injured to fight recklessly!
There are monsters nearby!
You are too injured to fight recklessly!
You are too injured to fight recklessly!
You are too injured to fight recklessly!
You are too injured to fight recklessly!
You are too injured to fight recklessly!
You are too injured to fight recklessly!
You hit the orc but do no damage. Your kick misses the orc.
The orc is heavily wounded.
The orc hits you with a +1 vorpal hand axe.
The orc hits you from afar with a +0 trident.
* * * LOW HITPOINT WARNING * * *
You hit the orc but do no damage. You claw the orc.
You kill the orc!
The orc closely misses you. The orc closely misses you.
Things that are here:
a +1 vorpal hand axe; a +0 ring mail; an orc corpse
Found a stone staircase leading down.
The orc priest invokes the aid of Beogh against you.
Beogh smites you!
You die...

# # .# ##. #.# >...
..# #...#########...
.# #...........#.#...#
#...@.o.o.....#
#########.#.#...#
#.#.# #
###########o#.#
#....!....#'#.#
#...).........#
.....o........######.#
.##.#####..........#.#
#.# # #....#####.#.##


You could see an orc priest and an orc.

Vanquished Creatures
  An adder (D:2)
  A worm (D:2)
  2 orcs (D:3)
  2 ball pythons (D:1)
  5 bats
  6 endoplasms
  2 giant cockroaches
  3 goblins
  4 hobgoblins
  5 jackals
  2 quokkas
  4 frilled lizards
  4 kobolds
  6 rats (D:1)
47 creatures vanquished.

Notes
Turn   | Place    | Note
-------+----------+-------------------------------------------
     0 | D:1      | jamestheduck25 the Tengu Conjurer began the quest for the
                  | Orb.
     0 | D:1      | Reached XP level 1. HP: 10/10 MP: 4/4
   192 | D:1      | Reached XP level 2. HP: 15/15 MP: 3/6
   548 | D:1      | Reached skill level 6 in Conjurations
   641 | D:1      | Found a faded altar of an unknown god.
  1012 | D:2      | Reached XP level 3. HP: 19/19 MP: 2/7
  2020 | D:3      | Reached XP level 4. HP: 24/24 MP: 1/8
  2372 | D:3      | Killed from afar by an orc priest

Illustrated notes

Levels and vault maps discovered:
D:1:      roderic_dead_forest, layout_loops_ring,
          hellmonk_ecumenical_altar_arch_garden, ebering_dispersal_statue_hall
D:2:      layout_basic, dk_noncrumbling_4
D:3:      layout_basic, mainiacjoe_overflow_alcove_1,
          chequers_serial_rivers_marsh, chequers_arboretum, st_stairs_3,
          hangedman_decor_push, chequers_jeans

Skill      XL: |  1  2 |
---------------+-------+-----
Conjurations   | 6 |  6.7
Dodging        | |  2.3
Stealth        | |  2.1
Spellcasting   | |  2.6

Action                   |  1- 3 |  4- 6 || total
-------------------------+-------+-------++-------
Melee: Unarmed           |     2 |     2 ||     4
       Peck              |     1 |       ||     1
       Kick              |       |     1 ||     1
 Cast: Magic Dart        |    82 |    18 ||   100
Armor: Robe              |     2 |       ||     2
Dodge: Dodged            |    11 |     6 ||    17
